 Dungeon Crawl Stone Soup version 0.30.1-11-g7821555f0a (webtiles) character file.

Game seed: 18349772943272900536

1199 monsoonserge the Cudgeller (level 8, -6/38 (48) HPs)
             Began as a Tengu Reaver on Jan 11, 2024.
             Mangled by Duvessa
             ... wielding a +2 rapier of venom
              (16 damage)
             ... on level 6 of the Dungeon.
             The game lasted 00:15:02 (4692 turns).

monsoonserge the Cudgeller (Tengu Reaver)           Turns: 4692, Time: 00:15:04

HP:   -6/38 (48)    AC:  7    Str: 12    XL:     8   Next: 44%
MP:   12/12         EV: 13    Int: 15    God:
Gold: 65            SH:  0    Dex: 14    Spells: 8/11 levels left

rFire   . . .        H - +5 spear (freeze)
rCold   . . .        (no shield)
rNeg    . . .        t - +0 ring mail
rPois   .            (helmet restricted)
rElec   .            (no cloak)
rCorr   .            n - +0 pair of gloves
SInv    .            (boots unavailable)
Will    +....        (no amulet)
Stlth   +            r - +4 ring of slaying
HPRegen 0.26/turn    v - ring of willpower
MPRegen 0.13/turn

%: no passive effects
@: lethally poisoned (-6 -> -28), flying quickly and evasively, heavily drained,
quick
A: beak, talons 3, nimble flight
a: no special abilities


You were on level 6 of the Dungeon.
You visited 2 branches of the dungeon, and saw 6 of its levels.

You collected 340 gold pieces.
You spent 275 gold pieces at shops.

Inventory:

Hand Weapons
 k - a +4 mace
 o - a +2 long sword of electrocution
 w - the +1 rapier of Puiggil {heavy, rN+ MP-9 Str+2 Dex+4}
   (You bought it in a shop on level 5 of the Dungeon)

   Str:       It affects your strength (+2).
   Dex:       It affects your dexterity (+4).
   rN:        It protects you from negative energy.
   MP:        It affects your magic capacity (-9).
 H - a +5 spear of freezing (weapon)
Missiles
 G - a poisoned dart (quivered)
Armour
 b - a +0 leather armour
 n - a +0 pair of gloves (worn)
 t - a +0 ring mail (worn)
Jewellery
 r - a +4 ring of slaying (left hand)
 s - a +6 ring of intelligence
 v - a ring of willpower (right hand)
 C - a +6 ring of intelligence
Wands
 E - a wand of polymorph (10)
Scrolls
 c - 3 scrolls of magic mapping {unknown}
 f - a scroll of amnesia {unknown}
 g - 2 scrolls of fear {unknown}
 h - 2 scrolls of teleportation {unknown}
 l - a scroll of poison {unknown}
 q - a scroll of noise {unknown}
 x - 2 scrolls of blinking {unknown}
 y - 2 scrolls of enchant armour {unknown}
 B - a scroll of butterflies {unknown}
 D - a scroll of identify {unknown}
Potions
 a - a potion of heal wounds {unknown}
 d - a potion of brilliance
 e - 4 potions of curing
 i - 2 potions of berserk rage {unknown}
 j - 2 potions of invisibility {unknown}
 m - a potion of magic {unknown}
 p - a potion of might {unknown}
 u - a potion of attraction {unknown}
 z - a potion of lignification {unknown}
 A - a potion of cancellation {unknown}
 F - a potion of mutation {unknown}


   Skills:
 + Level 3.6 Fighting
 - Level 7.2 Maces & Flails
 + Level 0.6 Throwing
 * Level 5.2 Armour
 + Level 3.4 Dodging
 - Level 2.0 Spellcasting
 + Level 4.4 Conjurations
 * Level 3.1 Translocations


You had 8 spell levels left.
You knew the following spells:

 Your Spells              Type           Power      Damage    Failure   Level
a - Kiss of Death         Conj/Necr      32%        2d7       19%         1
b - Blink                 Tloc           20%        N/A       19%         2

Your spell library contained the following spells:

 Spells                   Type           Power      Damage    Failure   Level
 Momentum Strike          Conj/Tloc      24%        3d8       14%         2
 Sting                    Tmut/Pois      4%         1d3       41%         1
 Hailstorm                Conj/Ice       8%         3d4       47%         3
 Poisonous Vapours        Pois/Air       2%         N/A       56%         2
 Manifold Assault         Tloc           10%        N/A       77%         4
 Confusing Touch          Hex            1%         N/A       80%         3
 Inner Flame              Hex/Fire       1%         N/A       80%         3
 Flame Wave               Conj/Fire      8%         2d5       87%         4
 Sticky Flame             Conj/Fire      8%         2d3       87%         4
 Animate Armour           Summ/Erth      2%         N/A       99%         4
 Dispel Undead            Necr           1%         3d6       99%         4
 Olgreb's Toxic Radiance  Pois           1%         N/A       99%         4
 Blade Hands              Tmut           0%         N/A       100%        5
 Iron Shot                Conj/Erth      4%         9d2       100%        6
 Storm Form               Tmut/Air       0%         N/A       100%        7


Dungeon Overview and Level Annotations

Branches:
Dungeon (6/15)             Temple (1/1) D:5

Altars:
Cheibriados
Dithmenos
Elyvilon
Fedhas
Gozag
Hepliaklqana
Kikubaaqudgha
Makhleb
Nemelex Xobeh
Okawaru
Qazlal
Ru
Trog
Uskayaw
Vehumet
Wu Jian
Xom
Yredelemnul
Zin
The Shining One

Shops:
D:1 ((   D:5 *:([!=   D:6 :

Annotations:
D:6 Duvessa


Innate Abilities, Weirdness & Mutations

You have a beak for a mouth.
You have claws for feet.
Your magical nature lets you fly swiftly and evasively.


Message History

You see here a +0 robe.
You see here a +0 robe.
Duvessa, Sister of Dowan comes into view.
She is wielding a +2 rapier of venom.
Duvessa goes berserk!
Duvessa rages.
Throw: 3 darts (poison)
Press: ? - help, Q - select action, (/) - cycle Shift-Dir - straight line, f - Duvessa
Aim: Duvessa, wielding a +2 rapier of venom and wearing a +0 ring mail (berserk, 71% to hit)
You throw a poisoned dart. The poisoned dart hits Duvessa.
Throw: 2 darts (poison)
Press: ? - help, Q - select action, (/) - cycle Shift-Dir - straight line, f/p - Duvessa
Aim: Duvessa, wielding a +2 rapier of venom and wearing a +0 ring mail (berserk, 71% to hit)
You throw a poisoned dart.
The poisoned dart barely misses Duvessa.
You reach to attack!
You hit Duvessa. You freeze Duvessa.
Duvessa is lightly wounded.
Duvessa completely misses you.
You puncture Duvessa! You freeze Duvessa. You claw Duvessa.
Your peck misses Duvessa.
Duvessa is heavily wounded.
Duvessa hits you but does no damage.
You are poisoned.
Duvessa barely misses you.
You hit Duvessa but do no damage. You claw Duvessa, but do no damage.
Your peck misses Duvessa.
Duvessa is heavily wounded.
You feel sick. Duvessa barely misses you.
You hit Duvessa. You freeze Duvessa. You peck Duvessa, but do no damage.
Duvessa is heavily wounded.
You feel sick. Duvessa closely misses you.
Duvessa hits you with a +2 rapier of venom!
You are more poisoned.
You closely miss Duvessa. You claw Duvessa. You peck Duvessa, but do no damage.
Duvessa is severely wounded.
You feel very sick.
Duvessa hits you with a +2 rapier of venom!
* * * LOW HITPOINT WARNING * * *
You are more poisoned.
Duvessa hits you with a +2 rapier of venom!
You die...

#.#
##...############.#.#
#.#
######.........#.###
#.# #.........#.# #.#
#.....<...### #.#
.........#
#.##########.......#
#..................#.
#####..............'.
#.######.@.....# #.#
###e....# #.# .....#
#.# .....# #.# (....#
#.# .....# #.# .(...#
#.###### .#####
#...[..#


You could see Duvessa (berserk).

Vanquished Creatures
  Menkaure (D:6)
  An orc warrior (D:6)
  2 centaurs
  A phantom (D:6)
  Blork the orc (D:6)
  A bullfrog (D:6)
  A scorpion (D:5)
  A wight (D:6)
  Dowan (D:6)
  3 hounds (D:5)
  2 jellies
  2 iguanas (D:5)
  2 sleepcaps (D:6)
  Terence (D:2)
  An orc wizard (D:6)
  6 adders
  3 gnolls (D:6)
  A shadow imp (D:5)
  A white imp (D:6)
  2 worms (D:2)
  2 dart slugs (D:5)
  9 orcs
  4 endoplasms (D:1)
  3 goblins (D:1)
  8 hobgoblins
  2 kobolds
  2 quokkas (D:2)
  7 ball pythons
  4 bats
  A frilled lizard (D:3)
  8 rats
  A spectral orc (D:6)
85 creatures vanquished.

Notes
Turn   | Place    | Note
-------+----------+-------------------------------------------
     0 | D:1      | monsoonserge the Tengu Reaver began the quest for the Orb.
     0 | D:1      | Reached XP level 1. HP: 12/12 MP: 4/4
   130 | D:1      | Reached XP level 2. HP: 12/17 MP: 6/6
   498 | D:1      | Found Usipt's Antique Weapon Boutique.
   510 | D:1      | Reached XP level 3. HP: 19/21 MP: 7/7
   594 | D:1      | Found Urosmiap's Weapon Emporium.
   839 | D:2      | Reached skill level 4 in Maces & Flails
   839 | D:2      | Reached skill level 1 in Armour
   852 | D:2      | Noticed Terence
   858 | D:2      | Killed Terence
   859 | D:2      | Reached XP level 4. HP: 11/23 MP: 5/8
   997 | D:2      | Learned a level 2 spell: Blink
  1757 | D:3      | You fall into a shaft and drop 3 floors!
  1764 | D:6      | Gained mutation: Your magical nature lets you fly swiftly
                  | and evasively. [Tengu growth]
  1764 | D:6      | Reached XP level 5. HP: 30/31 MP: 9/9
  1817 | D:6      | Reached skill level 5 in Maces & Flails
  1950 | D:5      | Entered Level 5 of the Dungeon
  1976 | D:5      | Found Yvisuva's Book Emporium.
  1976 | D:5      | Found Ikliniu's Assorted Antiques.
  1986 | D:5      | Found Jin Miud's Antique Weapon Emporium.
  1986 | D:5      | Found Ifiss's Antique Armour Shoppe.
  2005 | D:5      | Found Xiydgh Sinn's Distillery.
  2005 | D:5      | Found Plog's Jewellery Emporium.
  2015 | D:5      | Reached skill level 1 in Translocations
  2015 | D:5      | Reached XP level 6. HP: 36/36 MP: 10/10
  2049 | D:5      | Bought a twisted rapier for 189 gold pieces
  2049 | D:5      | Identified the +1 rapier of Puiggil {heavy, rN+ MP-9 Str+2
                  | Dex+4} (You bought it in a shop on level 5 of the Dungeon)
  2073 | D:5      | Bought 2 scrolls labelled RECAFAC CETYQ for 36 gold pieces
  2073 | D:5      | Bought a metallic amethyst potion for 16 gold pieces
  2073 | D:5      | Bought a puce potion for 16 gold pieces
  2073 | D:5      | Bought a scroll labelled WEURHY GIAS for 18 gold pieces
  2114 | D:5      | Found a staircase to the Ecumenical Temple.
  2124 | Temple   | Entered the Ecumenical Temple
  2639 | D:5      | Reached XP level 7. HP: 41/41 MP: 11/11
  2788 | D:5      | Reached skill level 6 in Maces & Flails
  3146 | D:6      | Found a hazy altar of Hepliaklqana.
  3229 | D:6      | Noticed Menkaure
  3235 | D:6      | Killed Menkaure
  3614 | D:6      | Reached XP level 8. HP: 14/45 MP: 10/12
  3813 | D:6      | Reached skill level 7 in Maces & Flails
  4024 | D:6      | Found Biquarrese's Tremendous Tomes.
  4099 | D:6      | Noticed Blork the orc
  4107 | D:6      | Killed Blork the orc
  4108 | D:6      | Reached skill level 5 in Armour
  4167 | D:6      | Noticed Dowan
  4219 | D:6      | Killed Dowan
  4685 | D:6      | Noticed Duvessa
  4692 | D:6      | Mangled by Duvessa

Illustrated notes

Levels and vault maps discovered:
D:1:      dpeg_arrival_orchard, layout_basic, serial_shops, shop_coins, shop
D:2:      layout_basic, uniq_terence
D:3:      layout_rooms, serial_glass, glass_columns_c, glass_columns_a,
          minmay_between
D:5:      layout_basic, minmay_temple_entry_antechambers,
          minmay_misc_feat_four_crosses, nicolae_shop_national_dungeon_mall
D:6:      layout_basic, nicolae_hepliaklqana_monster_ancestors,
          kennysheep_diamond, nicolae_shop_i_like_big_books, uniq_duvessa,
          uniq_blork_the_orc, uniq_menkaure
Temple:   compressed_dpeg_triangle_lava_temple

Skill      XL: |  1  2  3  4  5  6  7  8 |
---------------+-------------------------+-----
Maces & Flails | 4 5 6 7 |  7.2
Armour         | 1 2 3 4 5 |  5.2
Translocations | 1 2 3 |  3.1
Dodging        | 3 |  3.4
Fighting       | 3 |  3.6
Throwing       | |  0.6
Spellcasting   | |  2.0
Conjurations   | |  4.4

Action                     |  1- 3 |  4- 6 |  7- 9 || total
---------------------------+-------+-------+-------++-------
  Melee: Mace              |    63 |    42 |    55 ||   160
         Kick              |    13 |    22 |    19 ||    54
         Peck              |     4 |    13 |    13 ||    30
         Flail             |       |    35 |       ||    35
         Punch             |       |     1 |       ||     1
         Spear             |       |       |     5 ||     5
  Throw: Dart              |       |     2 |    10 ||    12
   Cast: Kiss of Death     |     2 |       |     4 ||     6
    Use: Potion            |       |       |     3 ||     3
 Armour: Leather armour    |    17 |    14 |       ||    31
         Ring mail         |       |     6 |    16 ||    22
  Dodge: Dodged            |    39 |    54 |    38 ||   131
